Map: Praça Neon Violeta LE

Players

maxd

  • Race: Terran Terran
  • Spawn Location: 11:00

IagoAbreu - Winner!

  • Race: Protoss Protoss
  • Spawn Location: 5:00

VOD

Have the link to the VOD?

Description

Time

  • Played on: Jan. 2, 2018, 8:50 p.m.
  • Length: 13:11
Show
View Real Time Build Order
Export as new Build Order

maxd Terran 

Build Orders:  

Get SALT Encoding   

  12  0:12  SCV  
  13  0:25  SCV  
  14  0:33  Supply Depot  
  14  0:37  SCV  
  15  0:43  Engineering Bay  
  15  0:57  SCV, Refinery  
  16  1:10  Barracks  
  16  1:42  Missile Turret  
  16  1:44  SCV  
  17  1:56  SCV  
  17  1:58  Barracks  
  18  2:28  Factory  
  18  2:32  Marine  
  19  2:41  Refinery  
  19  2:50  Marine  
  20  2:55  Bunker  
  20  3:08  Marine  
  21  3:18  SCV  
  22  3:20  Supply Depot  
  22  3:26  Marine  
  23  3:42  Neosteel Frame  
  23  3:55  Starport  
  23  3:56  Factory Tech Lab  
  23  4:00  Barracks Tech Lab  
  23  4:01  Barracks Tech Lab  
  23  4:14  Supply Depot  
  23  4:24  Siege Tank  
  28  4:31  Marauder x2  
  30  4:39  Starport Tech Lab, Supply Depot  
  30  4:54  Sensor Tower  
  33  5:21  Siege Tank  
  33  5:27  Marine  
  33  5:28  Marine  
  35  5:35  Combat Shields  
  35  5:41  Orbital Command  
  35  5:45  Marine x2  
  35  5:46  Supply Depot  
  37  6:03  Marine x2  
  39  6:21  Marine x2  
  39  6:23  Starport  
  41  6:39  Marine x2  
  43  6:49  Terran Infantry Weapons Level 1  
  31  8:40  Starport Tech Lab  
  31  8:42  Banshee  
  34  8:51  Marine x2  
  36  9:09  Marine  
    11:40  Orbital Command  
    12:07  SCV  
  1  12:19  SCV  
  2  12:31  SCV  
  2  12:33  Supply Depot  
  3  12:38  Engineering Bay  
  3  12:43  SCV  
Show
View Real Time Build Order
Export as new Build Order

IagoAbreu Protoss - Winner!

Build Orders: Double Forge, Nexus First 

Get SALT Encoding   

  12  0:01  Probe (Chrono Boost)  
  13  0:14  Probe (Chrono Boost)  
  14  0:25  Probe  
  15  0:32  Pylon  
  15  1:01  Nexus  
  15  1:06  Pylon  
  15  1:13  Probe (Chrono Boost)  
  16  1:23  Probe (Chrono Boost)  
  17  1:40  Nexus  
  17  1:46  Probe  
  18  1:58  Forge, Probe  
  19  2:16  Probe (Chrono Boost)  
  20  2:26  Probe (Chrono Boost)  
  22  2:30  Probe (Chrono Boost)  
  22  2:36  Probe (Chrono Boost)  
  24  2:38  Probe (Chrono Boost)  
  24  2:43  Probe (Chrono Boost)  
  24  2:46  Probe (Chrono Boost)  
  26  2:54  Probe (Chrono Boost)  
  26  2:57  Probe (Chrono Boost)  
  29  3:03  Probe (Chrono Boost)  
  29  3:04  Probe (Chrono Boost)  
  31  3:07  Probe (Chrono Boost)  
  31  3:09  Pylon, Probe x2 (Chrono Boost)  
  31  3:12  Pylon  
  33  3:16  Pylon  
  33  3:19  Assimilator  
  33  3:21  Probe (Chrono Boost)  
  33  3:23  Assimilator  
  33  3:24  Probe (Chrono Boost)  
  33  3:26  Pylon  
  35  3:33  Forge, Probe (Chrono Boost)  
  36  3:38  Photon Cannon, Probe (Chrono Boost)  
  36  3:39  Photon Cannon  
  37  3:43  Photon Cannon  
  37  3:47  Probe (Chrono Boost)  
  39  3:52  Probe (Chrono Boost)  
  40  3:56  Probe (Chrono Boost)  
  40  3:59  Probe (Chrono Boost)  
  41  4:03  Photon Cannon  
  41  4:04  Probe (Chrono Boost)  
  41  4:05  Photon Cannon, Probe (Chrono Boost)  
  41  4:07  Photon Cannon  
  43  4:14  Pylon  
  43  4:26  Pylon  
  43  4:28  Pylon  
  43  4:31  Pylon  
  43  4:38  Pylon  
  43  4:41  Pylon  
  43  4:55  Photon Cannon  
  43  4:56  Photon Cannon  
  43  4:59  Photon Cannon  
  43  5:02  Photon Cannon  
  43  5:05  Pylon  
  43  5:07  Pylon  
  43  5:11  Photon Cannon  
  43  5:14  Photon Cannon, Gateway  
  43  5:15  Gateway  
  43  5:16  Photon Cannon, Gateway  
  43  5:17  Gateway  
  43  5:18  Gateway  
  43  5:20  Gateway  
  43  5:21  Gateway  
  43  5:31  Gateway  
  43  5:37  Probe (Chrono Boost)  
  44  5:46  Probe (Chrono Boost)  
  44  5:48  Pylon  
  45  5:51  Probe (Chrono Boost)  
  46  6:05  Photon Cannon  
  46  6:09  Photon Cannon  
  46  6:15  Pylon  
  46  6:18  Cybernetics Core  
  46  6:53  Zealot x5  
  46  6:54  Zealot x2  
  60  7:02  Warp Gate (Chrono Boost)  
  60  7:14  Protoss Ground Weapons Level 1 (Chrono Boost)  
  60  7:20  Zealot x4  
  60  7:21  Zealot x3  
  74  7:34  Pylon x2  
  74  7:38  Pylon  
  74  7:43  Assimilator  
  74  7:47  Assimilator  
  74  7:48  Zealot x7  
  88  8:05  Stargate  
  88  8:09  Stargate  
  88  8:15  Zealot x6  
  88  8:16  Zealot  
  102  8:42  Zealot x6  
  102  8:43  Zealot  
  108  9:09  Zealot x5  
  110  9:10  Zealot x2  
  108  9:34  Pylon  
  108  9:36  Zealot x4, Phoenix  
  108  9:37  Zealot x3, Phoenix  
  108  9:38  Pylon  
  118  10:02  Phoenix x2 (Chrono Boost)  
  118  10:04  Pylon  
  120  11:00  Void Ray x2 (Chrono Boost)  
  128  11:25  Stalker x3  
  132  11:26  Stalker x4  
  142  12:22  Phoenix x2 (Chrono Boost)  
Tags
 
Add a new tag
Caveats
  • Supply blocks, unpowered buildings, or Contaminate may cause inaccurate times.
  • Supply counts are checked every 10 seconds.